Map: Oxide LE

Players

MarineLorD - Winner!

  • Race: Terran Terran
  • League: Master

MaxPax

  • Race: Protoss Protoss

Event: DreamHack SC2 Masters 2021 Winter

VOD

Have the link to the VOD?

Description

Time

  • Played on: Oct. 16, 2021, 9:05 a.m.
  • Length: 4:18

All games in this series

Show
View Real Time Build Order
Export as new Build Order

MarineLorD Terran - Winner!

Build Orders:  

Get SALT Encoding   

  12  0:00  SCV  
  13  0:12  SCV  
  14  0:17  Supply Depot  
  14  0:24  SCV  
  15  0:39  SCV  
  15  0:40  Barracks  
  16  0:45  Refinery  
  16  0:51  SCV  
  17  1:00  Barracks  
  18  1:04  SCV  
  18  1:16  SCV  
  19  1:32  Marine  
  20  1:45  Command Center  
  20  1:48  Barracks Tech Lab  
  20  1:53  Barracks Reactor  
  20  1:59  Supply Depot  
  20  2:09  Marauder  
  22  2:16  Concussive Shells  
  22  2:20  Orbital Command  
  22  2:29  Marine x2  
  24  2:35  Marauder  
  26  2:46  SCV  
  26  2:47  Marine x2  
  29  2:57  Marauder  
  31  3:01  Orbital Command  
  31  3:03  SCV  
  32  3:07  Marine  
  32  3:12  Marine  
  34  3:15  SCV  
  34  3:18  Marine  
  36  3:25  Marine  
  36  3:27  SCV  
  36  3:31  SCV  
  38  3:36  Marauder, Marine  
  38  3:39  SCV  
  40  3:43  SCV  
  40  3:45  Supply Depot, Marine  
  42  3:51  SCV  
  42  3:54  Marine  
  45  3:55  SCV  
  44  4:03  SCV  
  44  4:04  Engineering Bay  
  44  4:13  Bunker  
Show
View Real Time Build Order
Export as new Build Order

MaxPax Protoss 

Build Orders: 1 Gate Expand 

Get SALT Encoding   

  12  0:00  Probe  
  13  0:12  Probe  
  14  0:17  Pylon  
  14  0:24  Probe (Chrono Boost)  
  15  0:36  Probe (Chrono Boost)  
  15  0:38  Gateway  
  16  0:44  Probe (Chrono Boost)  
  16  0:47  Assimilator  
  17  0:51  Probe  
  18  1:03  Probe  
  19  1:15  Probe  
  20  1:25  Cybernetics Core  
  20  1:34  Nexus  
  20  1:37  Probe  
  21  1:44  Pylon  
  21  1:49  Probe  
  22  1:54  Assimilator  
  22  2:02  Probe (Chrono Boost)  
  22  2:03  Adept  
  22  2:04  Warp Gate  
  24  2:14  Probe (Chrono Boost)  
  25  2:19  Probe (Chrono Boost)  
  26  2:26  Twilight Council  
  26  2:28  Probe  
  27  2:35  Stalker  
  29  2:40  Probe  
  30  2:46  Probe  
  30  2:49  Gateway  
  31  2:52  Probe  
  31  2:58  Probe  
  33  3:04  Probe  
  34  3:10  Probe  
  35  3:15  Stalker (Chrono Boost)  
  37  3:27  Probe  
  35  3:29  Probe  
  32  3:38  Stalker (Chrono Boost)  
  25  3:53  Stalker  

Tags
 
Add a new tag
Caveats
  • Supply blocks, unpowered buildings, or Contaminate may cause inaccurate times.
  • Supply counts are checked every 10 seconds.